Map: Blackpink LE

Players

SpeCial - Winner!

  • Race: Terran Terran
  • Spawn Location: 7:00

kauP

  • Race: Terran Terran
  • Spawn Location: 1:00

Event: WCS Leipzig 2018

VOD

Have the link to the VOD?

Description

Time

  • Played on: Jan. 26, 2018, 12:47 p.m.
  • Length: 11:38

All games in this series

Show
View Real Time Build Order
Export as new Build Order

SpeCial Terran - Winner!

Build Orders: Reaper Expand, Mech 

Get SALT Encoding   

  12  0:01  SCV  
  13  0:13  SCV  
  14  0:18  Supply Depot  
  14  0:25  SCV  
  15  0:39  SCV  
  15  0:40  Barracks  
  16  0:44  Refinery  
  16  0:52  SCV  
  17  1:04  SCV  
  18  1:16  SCV  
  19  1:29  Orbital Command, Reaper  
  20  1:42  Command Center  
  20  1:53  Supply Depot  
  20  1:55  SCV  
  21  2:01  Marine  
  21  2:08  Factory  
  22  2:11  SCV  
  23  2:19  Refinery  
  23  2:23  SCV, Barracks Reactor  
  24  2:37  SCV  
  25  2:49  SCV  
  26  3:02  Orbital Command  
  26  3:03  SCV  
  27  3:07  Cyclone  
  27  3:12  Cyclone  
  33  3:16  SCV  
  34  3:20  Command Center  
  34  3:28  SCV  
  34  3:30  Marine  
  34  3:32  SCV  
  34  3:41  SCV  
  34  3:44  SCV  
  34  3:46  Cyclone  
  38  3:54  Cyclone  
  40  4:00  Engineering Bay  
  40  4:02  SCV  
  41  4:10  SCV  
  41  4:14  SCV, Supply Depot  
  43  4:22  SCV  
  44  4:26  SCV  
  44  4:27  Missile Turret  
  45  4:32  Missile Turret  
  45  4:34  SCV  
  46  4:39  Orbital Command  
  46  4:43  SCV  
  47  4:46  SCV  
  48  4:54  Cyclone  
  48  4:59  SCV x2  
  51  5:02  Cyclone  
  54  5:09  SCV  
  54  5:11  SCV x2  
  57  5:18  Refinery x2  
  57  5:19  Supply Depot  
  57  5:21  SCV  
  57  5:23  SCV  
  57  5:27  Cyclone  
  62  5:33  Orbital Command  
  62  5:34  Cyclone  
  65  5:36  SCV  
  65  5:38  SCV  
  67  5:48  SCV, Factory, Barracks Reactor  
  68  5:51  Supply Depot  
  68  5:53  SCV  
  69  6:00  SCV, Armory  
  69  6:02  SCV  
  76  6:18  SCV x2  
  69  6:28  SCV  
  69  6:30  SCV, Starport  
  69  6:31  SCV  
  69  6:32  Factory Tech Lab  
  72  6:34  Factory  
  72  6:40  SCV  
  72  6:42  SCV  
  72  6:43  SCV  
  75  6:49  Hellion  
  75  6:51  Barracks Tech Lab  
  75  6:52  SCV, Siege Tank  
  81  6:55  SCV x2  
  81  6:56  Supply Depot  
  81  6:57  Refinery  
  81  6:58  Refinery  
  83  7:03  Terran Vehicle Weapons Level 1  
  83  7:04  SCV  
  83  7:07  SCV, Liberator x2  
  85  7:11  Supply Depot  
  85  7:12  Supply Depot  
  85  7:18  SCV x2, Hellion x2  
  91  7:23  SCV  
  98  7:30  SCV x2  
  98  7:33  Hellion  
  98  7:35  SCV  
  98  7:36  Supply Depot  
  103  7:38  Supply Depot  
  103  7:41  Siege Tank  
  103  7:42  SCV x2, Supply Depot, Hellion x2  
  112  7:47  SCV  
  113  7:54  SCV x2  
  113  7:55  Hellion, Factory  
  113  7:56  Supply Depot  
  117  7:59  SCV  
  117  8:03  Factory  
  117  8:05  Hellion x2  
  122  8:06  SCV  
  122  8:07  Supply Depot  
  122  8:10  Supply Depot, Viking  
  125  8:13  Viking  
  127  8:23  SCV  
  127  8:24  Supply Depot  
  128  8:29  Hellion x2, Siege Tank  
  128  8:33  Supply Depot  
  135  8:34  Supply Depot  
  135  8:36  Command Center  
  134  8:45  Viking x2, Armory  
  134  8:46  Factory Tech Lab  
  134  8:47  Factory Reactor  
  138  8:49  Hellion  
  138  8:53  Hellion  
  142  9:00  Infernal Pre-Igniter  
  142  9:02  Hellion, Siege Tank  
  140  9:10  Hellion  
  138  9:21  Hellion, Viking, Siege Tank  
  138  9:22  Viking  
  138  9:24  Hellion  
  122  9:31  Hellion x2, Siege Tank  
  122  9:34  Siege Tank  
  122  9:36  Terran Vehicle And Ship Armor Level 1  
  129  9:42  Hellion  
  129  9:45  Hellion  
  133  9:49  Orbital Command  
  133  9:53  Siege Tank  
  133  9:54  Hellion x2  
  133  9:55  Viking  
  133  9:56  Viking  
  144  10:03  Siege Tank  
  144  10:04  Hellion  
  149  10:13  Starport, Smart Servos  
  149  10:18  Rapid Fire Launchers  
  149  10:24  Hellion  
  149  10:25  Hellion x2, Siege Tank x2  
  161  10:33  Hellion, Supply Depot  
  161  10:35  Thor  
  157  10:49  Viking  
  144  10:50  Viking  
  144  10:58  Cyclone x4  
  144  11:03  Refinery  
  153  11:05  Refinery  
  153  11:11  Starport Reactor  
  157  11:25  Supply Depot  
Show
View Real Time Build Order
Export as new Build Order

kauP Terran 

Build Orders: Mech, Banshee Rush 

Get SALT Encoding   

  12  0:00  SCV  
  13  0:12  SCV  
  14  0:17  Supply Depot  
  14  0:24  SCV  
  14  0:28  Refinery  
  15  0:39  SCV  
  16  0:44  Barracks  
  16  0:51  SCV  
  17  1:03  SCV  
  18  1:15  SCV  
  19  1:32  Orbital Command, Reaper  
  20  1:43  Command Center  
  20  1:53  Factory  
  20  1:59  SCV  
  21  2:07  Supply Depot  
  21  2:10  Reaper  
  21  2:14  Refinery  
  21  2:15  SCV  
  23  2:28  SCV  
  24  2:42  Hellion, Starport  
  24  2:43  SCV  
  27  2:52  Barracks Tech Lab  
  27  2:55  SCV  
  28  3:00  Orbital Command  
  28  3:05  Hellion  
  30  3:07  SCV  
  31  3:19  SCV  
  32  3:30  Cloaking Field  
  32  3:31  Banshee, Engineering Bay  
  32  3:32  SCV  
  32  3:33  SCV  
  36  3:44  Factory Tech Lab  
  36  3:45  SCV  
  34  3:56  SCV  
  34  4:01  SCV  
  34  4:04  Orbital Command  
  34  4:09  Command Center  
  34  4:10  Siege Tank  
  34  4:12  Refinery  
  34  4:13  Banshee  
  34  4:14  Refinery  
  40  4:17  SCV  
  41  4:24  Marine  
  41  4:29  SCV  
  43  4:38  Supply Depot  
  43  4:42  SCV  
  43  4:43  SCV  
  45  4:47  Supply Depot  
  45  4:56  SCV  
  46  5:00  Siege Tank  
  46  5:05  SCV  
  47  5:08  SCV, Barracks Reactor  
  47  5:09  Factory  
  47  5:11  Banshee, Factory  
  51  5:17  SCV  
  51  5:20  SCV  
  51  5:21  Orbital Command  
  53  5:29  SCV  
  53  5:32  SCV  
  55  5:38  Siege Tank  
  55  5:43  SCV, Armory x2  
  55  5:44  SCV  
  57  5:50  Supply Depot  
  57  5:52  SCV  
  57  5:55  SCV  
  59  5:57  Factory Tech Lab  
  59  6:05  Supply Depot  
  59  6:10  Siege Tank  
  63  6:11  SCV x2  
  63  6:14  Supply Depot  
  64  6:22  SCV  
  64  6:23  SCV  
  63  6:29  Viking x2  
  67  6:35  Terran Vehicle And Ship Armor Level 1, Terran Vehicle Weapons Level 1  
  67  6:36  SCV, Supply Depot  
  67  6:37  Orbital Command, Factory Reactor  
  68  6:46  SCV  
  69  6:47  Supply Depot  
  69  6:48  SCV  
  69  6:51  Siege Tank  
  73  6:58  SCV  
  73  7:01  SCV, Supply Depot  
  75  7:02  Supply Depot  
  75  7:06  Siege Tank  
  75  7:07  SCV  
  78  7:10  SCV  
  78  7:13  Command Center  
  79  7:19  Refinery  
  79  7:20  Refinery  
  79  7:22  Missile Turret  
  79  7:23  Siege Tank  
  79  7:29  Hellion  
  86  7:30  Hellion, Infernal Pre-Igniter  
  86  7:32  SCV x3  
  89  7:45  Factory  
  89  7:46  SCV x3, Factory  
  89  7:50  Supply Depot  
  92  7:59  Viking x2  
  92  8:00  SCV x2  
  92  8:01  SCV  
  97  8:08  Hellion x2  
  101  8:12  SCV  
  101  8:13  SCV x2  
  104  8:24  Siege Tank x2, Barracks  
  104  8:26  Orbital Command  
  110  8:31  Factory Reactor  
  110  8:32  Starport x2  
  110  8:33  Hellion  
  108  8:41  Terran Vehicle And Ship Armor Level 2, Terran Vehicle Weapons Level 2  
  108  8:44  Hellion  
  110  8:48  SCV x2  
  111  9:02  Viking x2  
  107  9:07  Siege Tank x2  
  107  9:08  Hellion x2  
  117  9:15  Liberator x2  
  117  9:16  Missile Turret  
  63  9:34  Orbital Command  
  63  9:36  SCV x2  
  69  9:46  SCV  
  69  9:48  SCV  
  69  9:50  SCV  
  72  9:57  Viking  
  72  9:58  SCV  
  73  10:00  SCV x2  
  73  10:02  SCV  
  73  10:05  Siege Tank  
  79  10:10  SCV  
  79  10:12  SCV x2, Missile Turret  
  82  10:14  SCV  
  82  10:18  Missile Turret  
  83  10:24  Hellion x2  
  83  10:25  SCV x2  
  89  10:29  SCV x2  
  91  10:37  SCV  
  80  10:43  Viking  
  80  10:44  Viking x2  
  72  10:55  Orbital Command  
  72  10:56  SCV  
  71  11:12  SCV x2  
Tags
 
Add a new tag
Caveats
  • Supply blocks, unpowered buildings, or Contaminate may cause inaccurate times.
  • Supply counts are checked every 10 seconds.